 Dungeon Crawl Stone Soup version 0.28.0-49-g6dfe1f597d (webtiles) character file.

Game seed: 16912683103554889278

205 Woods the Insei (level 5, -4/41 HPs)
             Began as a Gnoll Transmuter on May 16, 2022.
             Shot with an arrow by a centaur (15 damage)
             ... on level 4 of the Dungeon.
             The game lasted 00:03:31 (3766 turns).

Woods the Insei (Gnoll Transmuter)                  Turns: 3766, Time: 00:03:32

Health: -4/41      AC:  2    Str:  9    XL:     5   Next: 83%
Magic:  6/12       EV: 17    Int: 14    God:
Gold:   181        SH:  0    Dex: 13    Spells: 8/14 levels left

rFire   . . .      SeeInvis .     - Unarmed
rCold   . . .      Faith    .   (no shield)
rNeg    . . .      Spirit   .   a - +0 robe
rPois   .          Reflect  .   (no helmet)
rElec   .          Harm     .   (no cloak)
rCorr   .          Rampage  .   (no gloves)
Will    .....                   (no boots)
Stlth   ++........              (no amulet)
HPRegen 0.13/turn               k - +4 ring of evasion
MPRegen 0.13/turn               (no ring)

@: very slightly contaminated
A: fangs 1, strong nose, distributed training
a: no special abilities


You were on level 4 of the Dungeon.
You visited 1 branch of the dungeon, and saw 4 of its levels.

You collected 181 gold pieces.

Inventory:

Armour
 a - a +0 robe (worn)
Jewellery
 k - a +4 ring of evasion (left hand)
 q - a ring of flight
 r - a +4 ring of protection
Wands
 h - a wand of flame (17)
Scrolls
 b - 3 scrolls of immolation {unknown}
 c - 3 scrolls of blinking {unknown}
 d - 2 scrolls of holy word {unknown}
 f - a scroll of identify {unknown}
 i - a scroll of summoning {unknown}
 j - a scroll of silence {unknown}
 l - a scroll of amnesia {unknown}
 n - a scroll of enchant armour {unknown}
 o - a scroll of fog {unknown}
 p - a scroll of torment {unknown}
Potions
 e - a potion of curing {unknown}
 g - 2 potions of might {unknown}
 m - 3 potions of mutation {unknown}


   Skills:
 + Level 3.1 Fighting
 + Level 1.6 Short Blades
 + Level 1.6 Long Blades
 + Level 1.6 Axes
 + Level 1.6 Maces & Flails
 + Level 1.6 Polearms
 + Level 1.6 Staves
 + Level 1.6 Slings
 + Level 1.6 Bows
 + Level 1.6 Crossbows
 + Level 1.6 Throwing
 + Level 1.6 Armour
 + Level 4.8 Dodging
 + Level 1.6 Stealth
 + Level 1.6 Shields
 + Level 6.7 Unarmed Combat
 + Level 5.2 Spellcasting
 + Level 1.3 Conjurations
 + Level 1.3 Hexes
 + Level 1.3 Summonings
 + Level 1.3 Necromancy
 + Level 1.3 Translocations
 + Level 4.0 Transmutations
 + Level 1.3 Fire Magic
 + Level 1.3 Ice Magic
 + Level 1.3 Air Magic
 + Level 1.3 Earth Magic
 + Level 1.3 Poison Magic
 + Level 1.9 Invocations
 + Level 1.6 Evocations


You had 8 spell levels left.
You knew the following spells:

 Your Spells              Type           Power      Damage    Failure   Level
a - Beastly Appendage     Tmut           30%        N/A       3%          1
b - Wereblood             Tmut           15%        N/A       4%          2
c - Spider Form           Tmut/Pois      11%        N/A       17%         3

Your spell library contained the following spells:

 Spells                   Type           Power      Damage    Failure   Level
 Foxfire                  Conj/Fire      28%        2x1d5     10%         1
 Slow                     Hex            28%        N/A       10%         1
 Confusing Touch          Hex            7%         N/A       30%         3
 Conjure Flame            Conj/Fire      7%         6-21      30%         3
 Inner Flame              Hex/Fire       7%         N/A       30%         3
 Vampiric Draining        Necr           7%         2d6       30%         3
 Ice Form                 Ice/Tmut       11%        N/A       50%         4
 Flame Wave               Conj/Fire      7%         2d5       69%         4


Dungeon Overview and Level Annotations

Branches:
Dungeon (4/15)
 Temple: D:4-7

Altars:
Fedhas
Ru
Xom

Annotations:
D:4 Grinder


Innate Abilities, Weirdness & Mutations

You have very sharp teeth.
Your uncanny sense of smell can sniff out nearby items.
Your experience applies equally to all skills.


Message History

The endoplasm completely misses you.
You barely miss the endoplasm. The endoplasm closely misses you.
You hit the endoplasm. You claw the endoplasm.
You kill the endoplasm!
A hobgoblin comes into view.
A hobgoblin is nearby!
A hobgoblin is nearby!
A hobgoblin is nearby!
Casting: Beastly Appendage (safe; 3% risk of failure)
Confirm with . or Enter, or press ? or * to list all spells.
You extend your transformation's duration.
The hobgoblin shouts!
You hit the hobgoblin.
You kill the hobgoblin!
No target in view!
Your transformation is almost over.
You now have 181 gold pieces (gained 12).
Your horns disappear.
Your talons disappear.
Found a leather armour.
A centaur comes into view.
The centaur shouts!
The centaur wields a +0 shortbow.
The centaur shoots an arrow.
The arrow hits you!
A centaur is nearby!
A centaur is nearby!
The centaur shoots an arrow.
The arrow hits you.
Casting: Beastly Appendage (safe; 3% risk of failure)
Confirm with . or Enter, or press ? or * to list all spells.
The spell is quite dangerous to miscast (17% risk of failure)!
Continue anyway?
You miscast Spider Form.
You are very lightly contaminated with residual magic.
Nothing appears to happen.
The centaur shoots an arrow.
The arrow misses you.
The centaur shoots an arrow.
The arrow hits you!
* * * LOW HITPOINT WARNING * * *
Casting: Spider Form (quite dangerous; 17% risk of failure)
Confirm with . or Enter, or press ? or * to list all spells.
The spell is quite dangerous to miscast (17% risk of failure)!
Continue anyway?
You miscast Spider Form.
Nothing appears to happen.
The centaur shoots an arrow.
The arrow hits you!
You die...

#..(....)####..........
#........##............
#........####..........
#........# #.#........
#.....)..# #.#........
########## #.#......[.
#.#........
#.#.##+#####
#.#@......c.
#.#.##.##### #.# # #.#
###


You could see a centaur.

Vanquished Creatures
  An ogre (D:4)
  4 adders
  An ufetubus (D:4)
  A worm (D:3)
  4 dart slugs (D:1)
  An orc (D:4)
  13 endoplasms
  7 giant cockroaches
  6 goblins
  3 hobgoblins (D:4)
  6 jackals (D:1)
  4 quokkas
  2 ball pythons
  A frilled lizard (D:1)
  7 kobolds
  3 rats
64 creatures vanquished.

Notes
Turn   | Place    | Note
-------+----------+-------------------------------------------
     0 | D:1      | Woods the Gnoll Transmuter began the quest for the Orb.
     0 | D:1      | Reached XP level 1. HP: 17/17 MP: 6/6
     1 | D:1      | Found a runed translucent door.
   135 | D:1      | Reached XP level 2. HP: 21/23 MP: 5/7
   382 | D:1      | Learned a level 2 spell: Wereblood
   423 | D:1      | Found a faded altar of an unknown god.
   789 | D:1      | Reached skill level 5 in Spellcasting
   789 | D:1      | Reached XP level 3. HP: 28/28 MP: 6/9
  1191 | D:1      | Reached skill level 1 in Invocations
  1227 | D:1      | Learned a level 3 spell: Spider Form
  1244 | D:2      | Reached skill level 1 in Short Blades
  1244 | D:2      | Reached skill level 1 in Long Blades
  1244 | D:2      | Reached skill level 1 in Axes
  1244 | D:2      | Reached skill level 1 in Maces & Flails
  1244 | D:2      | Reached skill level 1 in Polearms
  1244 | D:2      | Reached skill level 1 in Staves
  1244 | D:2      | Reached skill level 1 in Slings
  1244 | D:2      | Reached skill level 1 in Bows
  1244 | D:2      | Reached skill level 1 in Crossbows
  1244 | D:2      | Reached skill level 1 in Throwing
  1244 | D:2      | Reached skill level 1 in Armour
  1244 | D:2      | Reached skill level 1 in Stealth
  1244 | D:2      | Reached skill level 1 in Shields
  1244 | D:2      | Reached skill level 1 in Evocations
  1418 | D:2      | Reached XP level 4. HP: 34/34 MP: 11/11
  2079 | D:3      | Found a sacrificial altar of Ru.
  2099 | D:3      | Reached skill level 1 in Conjurations
  2099 | D:3      | Reached skill level 1 in Hexes
  2099 | D:3      | Reached skill level 1 in Summonings
  2099 | D:3      | Reached skill level 1 in Necromancy
  2099 | D:3      | Reached skill level 1 in Translocations
  2099 | D:3      | Reached skill level 1 in Fire Magic
  2099 | D:3      | Reached skill level 1 in Ice Magic
  2099 | D:3      | Reached skill level 1 in Air Magic
  2099 | D:3      | Reached skill level 1 in Earth Magic
  2099 | D:3      | Reached skill level 1 in Poison Magic
  2517 | D:3      | Found a blossoming altar of Fedhas.
  2886 | D:4      | Found a shimmering altar of Xom.
  2889 | D:4      | Found a shimmering altar of Xom.
  2892 | D:4      | Found a shimmering altar of Xom.
  2893 | D:4      | Found a shimmering altar of Xom.
  2893 | D:4      | Found a shimmering altar of Xom.
  2894 | D:4      | Found a shimmering altar of Xom.
  2895 | D:4      | Found a shimmering altar of Xom.
  2906 | D:4      | Noticed Grinder
  2982 | D:4      | Paralysed by Grinder for 5 turns
  3309 | D:4      | Reached XP level 5. HP: 37/40 MP: 10/12
  3318 | D:4      | Noticed an ogre
  3451 | D:4      | Killed an ogre
  3763 | D:4      | Noticed a centaur
  3766 | D:4      | Shot with an arrow by a centaur

Illustrated notes

Levels and vault maps discovered:
D:1:      dpeg_arrival_caged_fury, layout_basic,
          ebering_ecumenical_altar_petrified, fountainhead
D:2:      layout_loops_cross, hangedman_decor_points, kennysheep_nondescript
D:3:      layout_loops_ring, nicolae_ru_sacrificial_ziggurat,
          nicolae_overflow_hidden_temple
D:4:      layout_basic, xom_redecorated, uniq_grinder

Skill      XL: |  1  2  3  4  5 |
---------------+----------------+-----
Spellcasting   | 5 |  5.2
Invocations    | 1 |  1.9
Short Blades   | 1 |  1.6
Long Blades    | 1 |  1.6
Axes           | 1 |  1.6
Maces & Flails | 1 |  1.6
Polearms       | 1 |  1.6
Staves         | 1 |  1.6
Slings         | 1 |  1.6
Bows           | 1 |  1.6
Crossbows      | 1 |  1.6
Throwing       | 1 |  1.6
Armour         | 1 |  1.6
Stealth        | 1 |  1.6
Shields        | 1 |  1.6
Evocations     | 1 |  1.6
Conjurations   | 1 |  1.3
Hexes          | 1 |  1.3
Summonings     | 1 |  1.3
Necromancy     | 1 |  1.3
Translocations | 1 |  1.3
Fire Magic     | 1 |  1.3
Ice Magic      | 1 |  1.3
Air Magic      | 1 |  1.3
Earth Magic    | 1 |  1.3
Poison Magic   | 1 |  1.3
Fighting       | 3 |  3.1
Transmutations | 4 |  4.0
Dodging        | |  4.8
Unarmed Combat | |  6.7

Action                   |  1- 3 |  4- 6 || total
-------------------------+-------+-------++-------
Melee: Unarmed           |    98 |    72 ||   170
       Kick              |    14 |     7 ||    21
       Bite              |     9 |     7 ||    16
       Headbutt          |     5 |     5 ||    10
       Punch             |     2 |     2 ||     4
 Cast: Beastly Appendage |    14 |    12 ||    26
       Wereblood         |     1 |       ||     1
       Spider Form       |       |     1 ||     1
 Stab: Sleeping          |     1 |     3 ||     4
Armor: Robe              |    14 |     3 ||    17
Dodge: Dodged            |    48 |    54 ||   102
